 Dungeon Sprint DCSS version 0.30.1-4-g462c640d31 (webtiles) character file.

Game seed: 898981725856613157

25 Heoruswealwe the Charlatan (level 2, 14/14 HPs)
             Began as a Spriggan Artificer on Aug 25, 2023.
             Got out of the dungeon alive.
             The game lasted 00:00:15 (23 turns).

Heoruswealwe the Charlatan (Spriggan Artificer)       Turns: 23, Time: 00:00:16

Health: 14/14      AC:  2    Str:  8    XL:     2   Next: 82%
Magic:  3/3        EV: 19    Int: 12    God:
Gold:   0          SH:  0    Dex: 15    Spells: 1/1 levels left

rFire   . . .        a - +0 club
rCold   . . .        (no shield)
rNeg    . . .        b - +0 robe
rPois   .            (helmet restricted)
rElec   .            (no cloak)
rCorr   .            (gloves unavailable)
SInv    +            (boots unavailable)
Will    .....        (no amulet)
Stlth   ++           (no ring)
HPRegen 0.22/turn    (no ring)
MPRegen 0.08/turn

%: no teleportation
@: very quick
A: very small, no large weapons, unfitting armour, see invisible, speed 3
a: no special abilities


You escaped.
You visited 1 branch

Inventory:

Hand Weapons
 a - a +0 club (weapon)
Armour
 b - a +0 robe (worn)
Wands
 c - a wand of flame (15) (quivered)
 d - a wand of charming (15)
 e - a wand of iceblast (5)
 l - a wand of polymorph (10)
Scrolls
 k - a scroll of blinking
Potions
 f - a potion of curing
 g - a potion of heal wounds
 h - a potion of haste
 i - 2 potions of magic
 j - a potion of berserk rage


   Skills:
 + Level 0.7 Fighting
 + Level 5.1 Dodging
 + Level 2.2 Stealth
 + Level 0.8 Unarmed Combat
 + Level 7.1 Evocations


You had one spell level left.
You didn't know any spells.
Your spell library was empty.

Dungeon Overview and Level Annotations

Branches:
Dungeon (1/1)

Altars:


Innate Abilities, Weirdness & Mutations

You are very small and have problems with some larger weapons.
You are too small for most types of armour.
You have supernaturally acute eyesight. (SInv)
You cover ground extremely quickly. (Speed+++)


Message History

There is an open door here.
You catch the helpless Ijyb completely off-guard!
You release spores at Ijyb but do no damage.
Ijyb appears confused.
Ijyb is lightly wounded.
Ijyb barely misses you.
You completely miss Ijyb. Ijyb barely misses you.
There is an open door here.
You release spores at Ijyb.
Ijyb is lightly wounded.
Your transformation is almost over.
Ijyb closely misses you.
You release spores at Ijyb but do no damage.
Ijyb is lightly wounded.
You release spores at Ijyb.
Ijyb appears confused.
Ijyb is moderately wounded.
Ijyb barely misses you.
You release spores at Ijyb.
Ijyb is heavily wounded.
You release spores at Ijyb.
Ijyb is heavily wounded.
Ijyb barely misses you.
You release spores at Ijyb!
Ijyb is severely wounded.
You release spores at Ijyb!
You kill Ijyb!
Your Dodging skill gained 2 levels and is now at level 5!
Your Stealth skill increases to level 2!
Your Evocations skill gained 3 levels and is now at level 7!
You have reached level 2!
Unknown command.
l - a wand of polymorph (10)
Things that are here:
a +0 dagger; a +0 scale mail
There is a staircase leading out of the dungeon here.
Are you sure you want to leave the Dungeon?
This will make you lose the game!
You stop sporulating.
Your +0 club unmelds from your body.
Your +0 robe unmelds from your body.
You have escaped!

#######
#@.#..+
#..'..#
#.)####
#..#
#..#
#..#
#⌠⌠#
####


There were no monsters in sight!

Vanquished Creatures
  Ijyb (D)
1 creature vanquished.

Notes
Turn   | Place    | Note
-------+----------+-------------------------------------------
     0 | D        | Heoruswealwe the Spriggan Artificer began the quest for the
                  | Orb.
     0 | D        | Reached XP level 1. HP: 9/9 MP: 2/2
     1 | D        | Noticed Ijyb
    17 | D        | Killed Ijyb
    18 | D        | Reached skill level 5 in Dodging
    18 | D        | Reached skill level 7 in Evocations
    18 | D        | Reached XP level 2. HP: 14/14 MP: 3/3
    23 | D        | Got out of the dungeon alive.

Illustrated notes

Levels and vault maps discovered:
D:        dungeon_sprint_1 [red_sonja_temple_1, red_sonja_temple_small_1]

Skill      XL: |  1 |
---------------+----+-----
Dodging        | 5 |  5.1
Stealth        | 2 |  2.2
Evocations     | 7 |  7.1
Fighting       | |  0.7
Unarmed Combat | |  0.8

Action                     || total
---------------------------++-------
  Melee: Unarmed           ||    11
   Stab: Confused          ||     1
  Dodge: Dodged            ||     5
